 Dungeon Crawl Stone Soup version 0.25-a0-855-g681bda5bb4 (webtiles) character file.

Game seed: 12272695502515083513, levelgen mode: deterministic

16781 Maedhros the Martial Artist (level 12, -6/78 HPs)
             Began as an Octopode Artificer on Apr 26, 2020.
             Was a High Priest of Cheibriados.
             Mangled by a five-headed hydra (13 damage)
             ... on level 13 of the Dungeon.
             The game lasted 00:39:14 (5889 turns).

Maedhros the Martial Artist (Octopode Artificer)    Turns: 5889, Time: 00:39:15

Health: -6/78      AC:  5    Str: 24    XL:     12   Next: 41%
Magic:  18/27      EV: 22    Int: 24    God:    Cheibriados [*****.]
Gold:   105        SH:  7    Dex: 27    Spells: 3/19 levels left

rFire    + . .     SeeInvis +     - Unarmed
rCold    + . .     Gourm    +   z - +0 buckler
rNeg     . . .     Faith    .   p - +2 hat
rPois    .         Spirit   .   G - amulet of the gourmand
rElec    .         Reflect  .   g - ring of resist corrosion
rCorr    +         Harm     .   k - ring of magical power
MR       .....                  l - ring of stealth
Stlth    ++++++....             m - ring of protection from fire
HPRegen  0.23/turn              t - ring of wizardry
MPRegen  0.20/turn              E - ring of protection from fire
                                c - ring of ice
                                S - ring of see invisible

@: very slow
A: almost no armour, stealthy swim, amphibious, 8 rings, constrict 8, antennae
1, icy blue scales 1, camouflage 1, gelatinous body 1, evolution 1
a: Bend Time, Temporal Distortion, Slouch, Step From Time, Renounce Religion


You were on level 13 of the Dungeon.
You worshipped Cheibriados.
Cheibriados was extremely pleased with you.
You were not hungry.

You visited 2 branches of the dungeon, and saw 14 of its levels.
You also visited: Sewer.

You collected 523 gold pieces.
You spent 418 gold pieces at shops.

Inventory:

Hand Weapons
 h - a +0 hand crossbow
 s - a +0 hunting sling
 L - a +0 fustibalus
Missiles
 i - 58 poisoned darts (quivered)
 j - 132 bolts
 u - 137 arrows
 y - 2 javelins
 B - 7 atropa-tipped darts
 C - 3 throwing nets
 D - 2 silver javelins
Armour
 p - a +2 hat (worn)
 x - a +0 kite shield
 z - a +0 buckler (worn)
Magical Staves
 r - an uncursed staff of conjuration {unknown}
Jewellery
 c - a ring of ice (on tentacle)
 g - a ring of resist corrosion (left tentacle)
 k - a ring of magical power (right tentacle)
 l - a ring of stealth (on tentacle)
 m - a ring of protection from fire (on tentacle)
 t - a ring of wizardry (on tentacle)
 E - a ring of protection from fire (on tentacle)
 G - an amulet of the gourmand (around mantle)
 S - a ring of see invisible (on tentacle)
Wands
 b - a wand of flame (9)
 d - a wand of acid (7)
 e - a wand of iceblast (7)
 w - a wand of digging (12)
 F - a wand of polymorph (15)
 Q - a wand of scattershot (4)
 R - a wand of paralysis (11)
Scrolls
 a - a scroll of immolation
 o - 2 scrolls of remove curse
 v - a scroll of magic mapping
 A - 2 scrolls of amnesia
 J - a scroll of acquirement {unknown}
 K - 2 scrolls of enchant armour {unknown}
 N - a scroll of identify
 O - a scroll of random uselessness {unknown}
 P - a scroll of blinking {unknown}
Potions
 n - 2 potions of curing
 q - 2 potions of flight
 H - a potion of stabbing {unknown}
 I - a potion of cancellation {unknown}
Comestibles
 f - 13 rations


   Skills:
 + Level 5.9 Fighting
   Level 1.0 Short Blades
 + Level 8.4 Dodging
 - Level 4.6 Stealth
 - Level 4.7 Shields
 - Level 10.5 Unarmed Combat
 - Level 4.0 Spellcasting
 - Level 6.8 Transmutations
 + Level 4.9 Air Magic
 - Level 6.0 Invocations
 - Level 7.0 Evocations


You had 3 spell levels left.
You knew the following spells:

 Your Spells              Type           Power        Failure   Level  Hunger
a - Beastly Appendage     Tmut           #####.       1%          1    None
b - Sticks to Snakes      Tmut           #####...     1%          2    #......
c - Spider Form           Tmut/Pois      ###.......   3%          3    ##.....
d - Blade Hands           Tmut           #####.....   7%          5    ######.
e - Lightning Bolt        Conj/Air       ###.......   36%         5    ######.

Your spell library contained the following spells:

 Spells                   Type           Power        Failure   Level  Hunger
 Shock                    Conj/Air       ###.         1%          1    None
 Swiftness                Chrm/Air       ###.....     2%          2    #......
 Static Discharge         Conj/Air       ###.....     4%          3    ##.....
 Searing Ray              Conj           #.....       6%          2    #......
 Airstrike                Air            ####......   5%          4    ####...
 Ice Form                 Ice/Tmut       ####....     10%         4    ####...
 Iskenderun's Mystic Bla  Conj/Tloc      #.......     34%         4    ####...
 Orb of Destruction       Conj           #.........   100%        7    #######


Dungeon Overview and Level Annotations

Branches:
Dungeon (13/15)            Temple (1/1) D:6             Orc (0/2) D:9
  Sewer (visited)
   Lair: D:8-11      Vaults: D:13-14

Altars:
Ashenzari
Cheibriados
Dithmenos
Elyvilon
Fedhas
Gozag
Hepliaklqana
Kikubaaqudgha
Makhleb
Nemelex Xobeh
Okawaru
Qazlal
Ru
Sif Muna
Trog
Uskayaw
Vehumet
Xom
Yredelemnul
Zin
The Shining One

Shops:
D:9 [*   D:10 :*   D:11 (!   D:12 %

Annotations:
D:8 Erica
D:12 3 runed translucent doors, Ruxken's ghost, journeyman TrMo


Innate Abilities, Weirdness & Mutations

You cannot wear most types of armour.
You are very stealthy in the water. (Stealth+)
You are amphibious.
You can wear up to eight rings at the same time.
You can use your tentacles to constrict eight enemies at once.
Your skin changes colour to match your surroundings (Stealth+).
Your rubbery body absorbs attacks. (AC +1, EV +1)
You have a pair of small antennae on your head.
You are partially covered in icy blue scales. (AC +2)
You evolve.


Message History

The torpor snail completely misses you.
Unknown command.
You can feel time thicken for a moment.
You kill the torpor snail!
Cheibriados appreciates the change of pace.
The wizard returns to its original shape as it dies.
You feel somewhat more hungry.
Cheibriados lowers the support of your attributes as your movement quickens.
You feel yourself speed up. The five-headed hydra bites you.
The five-headed hydra bites you! The five-headed hydra misses you.
The five-headed hydra completely misses you.
The five-headed hydra closely misses you.
You block the five-headed hydra's attack.
The five-headed hydra bites you!
* * * LOW HITPOINT WARNING * * *
The five-headed hydra bites you!
* * * LOW HITPOINT WARNING * * *
The five-headed hydra bites you!
You die...

#### ...# #..# #).#
# # #OD# #.
#.#######@.#
#..#..........#
#....##...#####.#
#.....).........#
##..###..###..##..
....###..###..##
................
#..##...###..###..##
#..##...# #..# .#


You could see a five-headed hydra and a two-headed ogre.

Vanquished Creatures
  Harold (D:9)
  Fannar (D:10)
  A hydra (D:11)
  A two-headed ogre (D:9)
  A wolf spider zombie (D:12)
  A deep elf mage (D:11)
  3 ugly things (D:11)
  A cyclops (D:11)
  2 centaur zombies
  Maurice (D:8)
  A torpor snail (D:13)
  A gargoyle (D:11)
  Psyche (D:9)
  A yaktaur (D:10)
  A troll (D:11)
  A tyrant leech (D:10)
  Prince Ribbit (D:8)
  2 hippogriffs
  A spriggan (D:10)
  A wyvern (D:11)
  2 vampires (D:10)
  14 yaks
  A golden eye (D:12)
  5 vampire mosquitoes (D:10)
  A hungry ghost (D:8)
  An acid dragon (D:11)
  2 orc warriors
  3 phantoms
  A necrophage (D:8)
  3 sky beasts
  7 ogres
  4 centaurs
  A big kobold (Sewer)
  7 bullfrogs
  A wyvern skeleton (D:10)
  A scorpion (D:8)
  6 killer bees (D:12)
  4 wights (D:7)
  9 crimson imps
  A quasit (D:11)
  2 bullfrog zombies (D:9)
  7 hounds
  2 jellies (D:11)
  A bullfrog skeleton (D:5)
  6 orc priests
  3 centaur skeletons
  7 orc wizards
  3 worker ants
  9 adders
  5 gnolls
  2 river rats
  A shadow imp (D:5)
  2 oozes
  2 adder zombies
  2 worms
  2 dart slugs
  5 leopard geckos
  31 orcs
  A ball python (D:1)
  6 giant cockroaches
  2 goblins
  5 hobgoblins
  8 jackals
  6 kobolds
  5 quokkas
  4 bats
  5 frilled lizards
  2 leopard gecko zombies
  7 rats
  4 plants (D:5)
245 creatures vanquished.

Vanquished Creatures (collateral kills)
  An orc wizard (D:7)
  5 gnolls (D:5)
  A river rat (D:5)
  An orc (D:7)
  A quokka (D:5)
9 creatures vanquished.

Vanquished Creatures (others)
  A water moccasin (D:5)
  A wight (D:7)
  A centaur zombie (D:5)
  An orc wizard (D:4)
  A river rat (D:5)
  An orc (D:8)
  4 plants (D:12)
10 creatures vanquished.

Grand Total: 264 creatures vanquished

Notes
Turn   | Place    | Note
-------+----------+-------------------------------------------
     0 | D:1      | Maedhros the Octopode Artificer began the quest for the
                  | Orb.
     0 | D:1      | Reached XP level 1. HP: 13/13 MP: 3/3
   226 | D:3      | Reached XP level 2. HP: 18/18 MP: 4/4
   292 | D:3      | Found a basalt altar of Yredelemnul.
   380 | D:3      | Found a stormy altar of Qazlal.
   747 | D:4      | Reached XP level 3. HP: 19/23 MP: 5/5
   954 | D:4      | Found a glowing drain.
   958 | Sewer    | Entered a sewer
   966 | Sewer    | Reached XP level 4. HP: 10/28 MP: 7/7
  1052 | Sewer    | Noticed a big kobold
  1086 | Sewer    | Killed a big kobold
  1086 | Sewer    | Reached skill level 2 in Unarmed Combat
  1086 | Sewer    | Reached XP level 5. HP: 20/33 MP: 8/8
  1132 | Sewer    | Found a white marble altar of Elyvilon.
  1229 | D:5      | Entered Level 5 of the Dungeon
  1272 | D:5      | Reached skill level 3 in Unarmed Combat
  1363 | D:5      | Noticed an ogre
  1366 | D:5      | Killed an ogre
  1366 | D:5      | Reached skill level 4 in Unarmed Combat
  1366 | D:5      | Reached XP level 6. HP: 31/38 MP: 9/9
  1376 | D:5      | Noticed a water moccasin
  1380 | D:5      | Reached skill level 5 in Unarmed Combat
  1435 | D:5      | Reached XP level 7. HP: 15/43 MP: 10/10
  1453 | D:5      | Learned a level 1 spell: Beastly Appendage
  1456 | D:5      | Learned a level 2 spell: Sticks to Snakes
  1460 | D:5      | Learned a level 3 spell: Spider Form
  1483 | D:5      | Found a glowing golden altar of the Shining One.
  1632 | D:6      | Found an iron altar of Okawaru.
  1633 | D:6      | Found an ancient bone altar of Kikubaaqudgha.
  1691 | D:6      | Found a staircase to the Ecumenical Temple.
  1695 | Temple   | Entered the Ecumenical Temple
  1728 | Temple   | Became a worshipper of Cheibriados the Contemplative
  1790 | D:4      | Reached skill level 6 in Unarmed Combat
  2160 | D:1      | Reached * piety under Cheibriados
  2333 | D:2      | Reached skill level 1 in Transmutations
  2880 | D:6      | Reached ** piety under Cheibriados
  2984 | D:7      | Reached skill level 7 in Unarmed Combat
  3090 | D:7      | Reached XP level 8. HP: 8/48 MP: 11/11
  3123 | D:7      | Found a sacrificial altar of Ru.
  3185 | D:8      | Noticed Erica
  3224 | D:8      | Found a shattered altar of Ashenzari.
  3252 | D:9      | Noticed Psyche
  3260 | D:9      | Killed Psyche
  3260 | D:9      | Reached skill level 8 in Unarmed Combat
  3407 | D:8      | Reached skill level 9 in Unarmed Combat
  3438 | D:8      | Reached XP level 9. HP: 46/53 MP: 12/12
  3461 | D:8      | Reached skill level 5 in Transmutations
  3532 | D:8      | Gained mutation: You are partially covered in icy blue
                  | scales. (AC +2) [potion of mutation]
  3532 | D:8      | Gained mutation: Your body sometimes deteriorates upon
                  | taking damage. [potion of mutation]
  3532 | D:8      | Gained mutation: You evolve. [potion of mutation]
  3532 | D:8      | Gained mutation: You have a pair of small antennae on your
                  | head. [potion of mutation]
  3560 | D:7      | Reached *** piety under Cheibriados
  3570 | D:7      | Reached skill level 10 in Unarmed Combat
  3753 | D:8      | Noticed a death yak
  3791 | D:8      | Noticed Maurice
  3808 | D:8      | Killed Maurice
  3808 | D:8      | Reached skill level 1 in Invocations
  3808 | D:8      | Reached XP level 10. HP: 24/58 MP: 13/13
  3870 | D:8      | Reached **** piety under Cheibriados
  3887 | D:8      | Noticed Prince Ribbit
  3897 | D:8      | Killed Prince Ribbit
  3912 | D:9      | Found a staircase to the Orcish Mines.
  3930 | D:9      | Found Esear's Assorted Antiques.
  3949 | D:9      | Found Veve's Armour Shoppe.
  3967 | D:9      | Bought a +0 kite shield for 49 gold pieces
  3967 | D:9      | Bought a +0 buckler for 49 gold pieces
  4056 | D:9      | Noticed Harold
  4065 | D:9      | Killed Harold
  4065 | D:9      | Reached skill level 5 in Dodging
  4065 | D:9      | Reached skill level 1 in Spellcasting
  4065 | D:9      | Reached skill level 5 in Evocations
  4083 | D:10     | Entered Level 10 of the Dungeon
  4083 | D:10     | Found the +12 Vampire's Tooth {vamp}
  4102 | D:10     | Noticed Fannar
  4119 | D:10     | Killed Fannar
  4152 | D:10     | Found Ulochi's Book Shoppe.
  4209 | D:9      | Noticed a two-headed ogre
  4215 | D:9      | Killed a two-headed ogre
  4215 | D:9      | Reached XP level 11. HP: 21/63 MP: 15/15
  4266 | D:9      | Learned a level 5 spell: Blade Hands
  4292 | D:9      | Found a shimmering altar of Xom.
  4520 | D:10     | Lost mutation: Your body sometimes deteriorates upon taking
                  | damage. [evolution]
  4581 | D:10     | Found Kyunweus's Demolitions Depot.
  4609 | D:10     | HP: 2/64 [yaktaur (16)]
  4610 | D:10     | Reached skill level 5 in Invocations
  4868 | D:10     | Bought a wand of acid (8) for 240 gold pieces
  4906 | D:11     | Noticed a deep elf mage
  4906 | D:11     | Noticed a manticore
  5017 | D:11     | Identified the Reference Book on Conjuration
  5025 | D:11     | Learned a level 5 spell: Lightning Bolt
  5037 | D:11     | Found Acyq's Distillery.
  5045 | D:11     | Bought a potion of heal wounds for 80 gold pieces
  5082 | D:11     | Noticed a purple ugly thing
  5097 | D:11     | Noticed a white ugly thing
  5098 | D:11     | Noticed a cyclops
  5104 | D:11     | Killed a white ugly thing
  5104 | D:11     | Reached ***** piety under Cheibriados
  5104 | D:11     | Reached skill level 1 in Air Magic
  5115 | D:11     | Killed a cyclops
  5137 | D:11     | Found Xajasy's Weapon Shop.
  5255 | D:11     | Noticed a purple ugly thing
  5264 | D:11     | Killed a purple ugly thing
  5270 | D:11     | Killed a purple ugly thing
  5318 | D:11     | Killed a deep elf mage
  5356 | D:11     | Noticed a seven-headed hydra
  5360 | D:11     | Reached XP level 12. HP: 66/75 MP: 18/18
  5364 | D:11     | Killed a seven-headed hydra
  5371 | D:11     | Reached skill level 5 in Fighting
  5463 | D:12     | Found a runed translucent gate.
  5464 | D:12     | Found a runed translucent gate.
  5464 | D:12     | Found a runed translucent gate.
  5464 | D:12     | Noticed a 13-headed hydra
  5466 | D:12     | Noticed Ruxken's ghost (journeyman TrMo)
  5478 | D:12     | Found Puiq's Food Shop.
  5758 | D:12     | Found a hide-covered altar of Uskayaw.
  5884 | D:13     | Noticed a five-headed hydra
  5887 | D:13     | Noticed a two-headed ogre
  5889 | D:13     | Mangled by a five-headed hydra

Levels and vault maps discovered:
D:1:      matt_arrival_spirals, layout_basic, minmay_misc_feat_four_crosses,
          minmay_hexomino_u4
D:2:      layout_basic, minmay_misc_feat_room, uniq_terence
D:3:      layout_loops_corners, lemuel_doored_altar, lemuel_round_altar,
          first_ration, serial_glass, glass_columns_a, glass_columns_c,
          glass_columns_b, glass_columns_b, glass_columns_b, glass_columns_c,
          glass_columns_a, glass_columns_a, minmay_strange_pillars,
          minmay_strange_pillars, due_unseen_surprise
D:4:      layout_gridville, gup_sewer_entry_bowl
D:5:      wad_woods_settlement, layout_basic, basic_altar,
          ebering_dispersal_statue_hall
D:6:      layout_rooms, gammafunk_temple_overflow_statue,
          minmay_temple_entry_grid, minmay_misc_feat_encased,
          due_unseen_surprise
D:7:      layout_basic, lemuel_crystal_altar
D:8:      layout_gridville, kennysheep_mini, dpeg_lair_monsters, the_bakery,
          uniq_maurice, uniq_prince_ribbit1, uniq_erica
D:9:      layout_gridville, kennysheep_little_box,
          lemuel_coloured_pillars_altar, nicolae_tso_carved_into_rock,
          orc_0_dummy, serial_shops, nicolae_shop_overgrown_old_shop,
          nicolae_shop_waterfront, uniq_psyche, uniq_harold
D:10:     layout_long_grid, serial_shops, shop, serial_glass, glass_columns_c,
          glass_columns_a, nicolae_blasting_shop, library_closet,
          chequers_serial_rivers_micro_e, minmay_guarded_unrand_vampires_tooth,
          uniq_fannar
D:11:     layout_small_grid, serial_shops, shop, shop, kennysheep_generic_room_8
D:12:     layout_gridville, basic_altar, serial_shops,
          nicolae_shop_window_shopping, gammafunk_ghost_hydra_chop,
          minmay_tree_intersection
D:13:     layout_long_grid, david_vaults_4, chequers_big_river,
          patterned_corridor
Temple:   cyrus_circular_temple

Skill      XL: |  1  2  3  4  5  6  7  8  9 10 11 12 |
---------------+-------------------------------------+-----
Stealth        | 2 3 4 |  4.6
Evocations     | 4 6 7 |  7.0
Unarmed Combat | 2 4 5 7 9 10 | 10.5
Transmutations | 2 4 6 |  6.8
Dodging        | 4 6 7 8 |  8.4
Invocations    | 1 4 6 |  6.0
Shields        | 4 |  4.7
Spellcasting   | 2 4 |  4.0
Fighting       | 4 5 |  5.9
Air Magic      | 3 4 |  4.9
Short Blades   | |  1.0

Action                   |  1- 3 |  4- 6 |  7- 9 | 10-12 || total
-------------------------+-------+-------+-------+-------++-------
Melee: Short sword       |    43 |    47 |       |       ||    90
       Constrict         |    12 |    18 |    50 |    37 ||   117
       Tentacles         |     6 |    19 |    47 |    88 ||   160
       Unarmed           |       |    29 |   293 |   262 ||   584
       Punch             |       |       |    17 |    43 ||    60
Throw: Dart              |       |       |     4 |       ||     4
 Cast: Spider Form       |       |       |    16 |     2 ||    18
       Blade Hands       |       |       |       |     8 ||     8
Invok: Slouch            |       |       |       |     4 ||     4
Evoke: Wand              |     4 |    13 |    10 |    27 ||    54
  Use: Potion            |     4 |       |     4 |     7 ||    15
       Scroll            |       |       |     9 |     1 ||    10
 Stab: Sleeping          |     7 |     1 |    15 |     8 ||    31
       Paralysed         |       |       |       |    11 ||    11
       Distracted        |       |       |       |     1 ||     1
  Eat: Chunk             |       |     1 |    14 |     2 ||    17
       Ration            |       |       |       |     1 ||     1
Armor: Skin              |     4 |    13 |    31 |    28 ||    76
Dodge: Dodged            |    23 |    58 |   183 |   197 ||   461
Block: Buckler           |       |       |       |    40 ||    40

Table legend:
 A = Non-vault XP
 B = Vault XP
 C = Vault XP percentage of total XP
 D = Non-vault monster count
 E = Vault monster count
 F = Vault count percentage of total count
                 A         B        C        D         E       F
            +---------+---------+-------+---------+---------+-------
      Total |   18364 |    5610 |  23.4 |     212 |      39 |  15.5
            +---------+---------+-------+---------+---------+-------
        D:1 |      28 |      14 |  33.3 |      14 |       6 |  30.0
        D:2 |     136 |       0 |   0.0 |      18 |       0 |   0.0
        D:3 |      13 |       0 |   0.0 |       5 |       0 |   0.0
        D:4 |      84 |       6 |   6.7 |       7 |       2 |  22.2
        D:5 |     255 |     242 |  48.7 |      21 |       6 |  22.2
        D:6 |     150 |       0 |   0.0 |       8 |       0 |   0.0
        D:7 |    1608 |       0 |   0.0 |      32 |       0 |   0.0
        D:8 |    1409 |     746 |  34.6 |      22 |       2 |   8.3
        D:9 |    1201 |    1417 |  54.1 |       7 |       2 |  22.2
       D:10 |    3534 |    2625 |  42.6 |      27 |       9 |  25.0
       D:11 |    6824 |       0 |   0.0 |      28 |       0 |   0.0
       D:12 |    2876 |       0 |   0.0 |      21 |       0 |   0.0
       D:13 |     246 |     434 |  63.8 |       2 |       1 |  33.3
      Sewer |       0 |     126 | 100.0 |       0 |      11 | 100.0
            +---------+---------+-------+---------+---------+-------
